 Dungeon Crawl Stone Soup version 0.18.1-48-g4cf74bf (webtiles) character file.

2 wemp the Sneak (level 1, -2/9 HPs)
             Began as a Spriggan Enchanter on Aug 2, 2016.
             Slain by a hobgoblin
             ... wielding a +0 club
              (4 damage)
             ... on level 1 of the Dungeon.
             The game lasted 00:00:55 (371 turns).

wemp the Sneak (Spriggan Enchanter)                  Turns: 371, Time: 00:00:55

Health: -2/9       AC:  3    Str:  4    XL:     1   Next: 33%
Magic:  4/5        EV: 18    Int: 16    God:
Gold:   14         SH:  0    Dex: 16    Spells: 1 memorised, 5 levels left

rFire  . . .     SeeInvis +     a - +1 dagger
rCold  . . .     Gourm    .     b - +1 robe
rNeg   . . .     Faith    .     (shield restricted)
rPois  .         Spirit   .     (helmet restricted)
rElec  .         Dismiss  .     (no cloak)
rCorr  .         Reflect  .     (gloves unavailable)
SustAt .         Harm     .     (boots unavailable)
MR     .....                    (no amulet)
Stlth  +++.......               (no ring)
                                (no ring)

@: very slightly contaminated, very quick, not resistant to hostile
enchantments, fairly stealthy
A: unfitting armour, see invisible, herbivore 3, speed 3, slow metabolism 2
a: no special abilities


You were on level 1 of the Dungeon.
You were not hungry.

You visited 1 branch of the dungeon, and saw 1 of its levels.

You collected 14 gold pieces.

Inventory:

Hand Weapons
 a - a +1 dagger (weapon)
Armour
 b - a +1 robe (worn)
Scrolls
 e - a scroll of magic mapping {unknown}
 f - 2 scrolls of recharging {unknown}
Potions
 g - a potion of curing {unknown}
 h - a potion of flight {unknown}
 i - a potion of might {unknown}
Books
 c - a book of Maledictions

   Spells                             Type                      Level
   a - Corona                         Hexes                        1
   b - Ensorcelled Hibernation        Hexes/Ice                    2
   c - Confuse                        Hexes                        3
   d - Tukima's Dance                 Hexes                        3
   e - Dazzling Spray                 Conjuration/Hexes            3
Comestibles
 d - 2 bread rations


   Skills:
 + Level 1.1 Short Blades
 - Level 3.0 Dodging
 - Level 4.4 Stealth
 + Level 3.0 Spellcasting
 - Level 3.6 Hexes


You had 5 spell levels left.
You knew the following spells:

 Your Spells              Type           Power        Failure   Level  Hunger
a - Corona                Hex            ##.....      6%          1    #......


Dungeon Overview and Level Annotations

Branches:
Dungeon (1/15)

Altars:


Innate Abilities, Weirdness & Mutations

You are tiny and cannot use many weapons and most armour.
You have supernaturally acute eyesight.
You are a herbivore.
You cover ground extremely quickly.
You need consume almost no food.


Message History

You hit the giant cockroach but do no damage.
The giant cockroach is almost dead.
The giant cockroach stops glowing.
The giant cockroach barely misses you. The hobgoblin misses you.
You hit the giant cockroach.
You kill the giant cockroach!
Your Spellcasting skill increases to level 3!
The hobgoblin misses you.
You start resting.
The hobgoblin hits you with a club.
* * * LOW HITPOINT WARNING * * *
Casting: Corona
Confirm with . or Enter, or press ? or * to list all spells.
Aiming: Corona
Press: ? - help, Shift-Dir - straight line, f - hobgoblin
Aim: a hobgoblin, wielding a club (chance to defeat MR: 84%)
You miscast Corona.
You are very lightly contaminated with residual magic.
Nothing appears to happen.
The hobgoblin hits you with a club.
You die...

...# ..... ##########........
...## .....# #..........>...l(.
....# ....####.................
....# ................g.......
....# #.........#####........
....# #.........##...........
....# #.....>...##...........
#...#######....g....##...........
###.........###.@...########.....
# #........†# #.....# #..... #
#.........# #.....###### #.....
###.........# #..........# #.....
............# ##.........# #.....
###.........# #.........# ####..
# ########### ########### ### # #
##### ######## # #####


You could see a hobgoblin.

Vanquished Creatures
  A giant cockroach (D:1)
  A bat (D:1)
  A rat (D:1)
3 creatures vanquished.

Notes
Turn   | Place    | Note
--------------------------------------------------------------
     0 | D:1      | wemp the Spriggan Enchanter began the quest for the Orb.
     0 | D:1      | Reached XP level 1. HP: 9/9 MP: 5/5
   371 | D:1      | Slain by a hobgoblin

Skill      XL: |  1 |
---------------+----+-----
Spellcasting   | 3 |  3.0
Short Blades   | |  1.1
Dodging        | |  3.0
Stealth        | |  4.4
Hexes          | |  3.6

Action                   || total
-------------------------++-------
Melee: Dagger            ||    22
 Cast: Corona            ||     1
Armor: Robe              ||     3
Dodge: Dodged            ||    23
